 Dungeon Crawl Stone Soup version 0.23.2 (webtiles) character file.

Game seed: 4922004904357809913

2772 Menchi the Frost Mage (level 9, 0/45 HPs)
             Began as a Deep Elf Ice Elementalist on Apr 10, 2019.
             Was a Follower of Dithmenos.
             Slain by Harold
             ... wielding a +0 mace
              (4 damage)
             ... on level 8 of the Dungeon.
             The game lasted 00:35:55 (7642 turns).

Menchi the Frost Mage (Deep Elf Ice Elementalist)   Turns: 7642, Time: 00:35:58

Health: 0/45       AC: 14    Str: 13    XL:     9   Next: 42%
Magic:  4/23       EV:  7    Int: 38    God:    Dithmenos [*.....]
Gold:   888        SH:  0    Dex: 16    Spells: 12/24 levels left

rFire    x . .     SeeInvis +   G - +8 dagger of Winter {freeze, Str+7 Int+3 SInv Stlth+}
rCold    . . .     Gourm    .   (no shield)
rNeg     . . .     Faith    .   y - +5 leather armour of Dishonour {+Fly rF- Str-4 Int+7}
rPois    +         Spirit   .   (no helmet)
rElec    .         Reflect  .   a - +2 cloak
rCorr    .         Harm     .   (no gloves)
MR       .....                  w - +2 pair of boots
Stlth    ++++++....             d - amulet of magic regeneration
HPRegen  0.15/turn              k - ring "Mowothrish" {rPois Str+4 Slay+3 Stlth+}
MPRegen  0.43/turn              u - +6 ring of intelligence

@: about to teleport, held, wreathed by umbra
A: no striking features
a: Renounce Religion, Evoke Flight


You were on level 8 of the Dungeon.
You worshipped Dithmenos.
Dithmenos was aware of your devotion.
You were not hungry.

You visited 2 branches of the dungeon, and saw 9 of its levels.
You also visited: Sewer and Bailey.

You collected 888 gold pieces.

Inventory:

Hand Weapons
 G - the +8 dagger of Winter (weapon) {freeze, Str+7 Int+3 SInv Stlth+}
   (You found it in a bailey)

   It has been specially enchanted to freeze those struck by it, causing extra
   injury to most foes and up to half again as much damage against particularly
   susceptible opponents.
   It can also slow down cold-blooded creatures.
   It affects your strength (+7).
   It affects your intelligence (+3).
   It lets you see invisible.
   It makes you more stealthy.
Armour
 a - a +2 cloak (worn)
 w - a +2 pair of boots (worn)
 y - the +5 leather armour of Dishonour (worn) {+Fly rF- Str-4 Int+7}
   (You found it on level 6 of the Dungeon)

   It affects your strength (-4).
   It affects your intelligence (+7).
   It makes you vulnerable to fire.
   It lets you fly.
Jewellery
 d - an amulet of magic regeneration (around neck)
 k - the ring "Mowothrish" (left hand) {rPois Str+4 Slay+3 Stlth+}
   (You acquired it in a bailey)

   [ring of stealth]

   It affects your strength (+4).
   It affects your accuracy and damage with ranged weapons and melee attacks
   (+3).
   It protects you from poison.
   It makes you more stealthy.
 s - an uncursed ring of magical power
 u - a +6 ring of intelligence (right hand)
 E - an uncursed ring of protection from cold
Wands
 x - a wand of acid (16)
 A - a wand of disintegration (5)
 C - a wand of iceblast (6)
 D - a wand of clouds (7)
Scrolls
 e - a scroll of random uselessness
 g - 2 scrolls of teleportation
 i - 8 scrolls of identify
 j - 5 scrolls of remove curse
 l - a scroll of magic mapping
Potions
 b - 17 potions of degeneration
 f - 2 potions of haste
 h - 3 potions of cancellation {unknown}
 m - 2 potions of curing {unknown}
 p - a potion of mutation {unknown}
 q - a potion of invisibility {unknown}
 r - 2 potions of flight {unknown}
 t - 2 potions of heal wounds {unknown}
 F - 2 potions of berserk rage {unknown}
Comestibles
 c - 15 rations


   Skills:
 + Level 1.3 Short Blades
 + Level 3.0 Dodging
 * Level 6.2 Stealth
 + Level 8.1 Spellcasting
 * Level 3.4 Conjurations
 + Level 0.3 Charms
 * Level 6.2 Summonings
 * Level 9.5 Ice Magic


You had 12 spell levels left.
You knew the following spells:

 Your Spells              Type           Power        Failure   Level  Hunger
a - Freeze                Ice            ####         1%          1    None
b - Summon Ice Beast      Ice/Summ       ######..     1%          4    None
c - Throw Icicle          Conj/Ice       ######..     2%          4    None
d - Ozocubu's Armour      Chrm/Ice       ######..     1%          3    None

Your spell library contained the following spells:

 Spells                   Type           Power        Failure   Level  Hunger
 Throw Frost              Conj/Ice       ######       1%          2    None


Dungeon Overview and Level Annotations

Branches:
Dungeon (8/15)             Temple (1/1) D:7
   Lair: D:8-11

Altars:
Ashenzari
Dithmenos
Elyvilon
Fedhas
Makhleb
Nemelex Xobeh
Okawaru
Qazlal
Vehumet
Xom
Zin

Shops:
D:6 (

Annotations:
D:8 Harold


Message History

Your ice beast hits Harold but does no damage.
The orc hits your ice beast with a +0 short sword.
The quokka bites you but does no damage.
Your ice beast hits Harold but does no damage.
You struggle against the net.
The bullfrog hits you but does no damage.
Harold hits you with a +0 mace!
* * * LOW HITPOINT WARNING * * *
Your ice beast hits Harold but does no damage.
The quokka bites you but does no damage.
The orc barely misses your ice beast.
The bullfrog hits you but does no damage.
Your ice beast barely misses Harold.
As you read the scroll of teleportation, it crumbles to dust.
You feel strangely unstable.
Your ice beast closely misses Harold.
Your ice beast hits Harold.
Your ice beast freezes Harold.
Harold resists.
The bullfrog hits you.
* * * LOW HITPOINT WARNING * * *
Harold hits you with a +0 mace.
You die...

........ .. ##......#...
#...(...#...
#........... .....
#........... .......
#........<. ...?......#
#.......... ..........#
#)r........
..........####@F).......
#.# #.........Y@h.......
#.###......#†.YoY.......
#.##.$....(%.##.#.....#.
#
#.#.........###.#####.#
.##..........## #.# .#
#[ ......#......# ..# #
#. .##.......†..#
###########.#####
.##.###..........
#.....#........


You could see Harold, a black bear, a bullfrog, an orc, a quokka and 3 friendly
ice beasts.

Vanquished Creatures
  A shadow (D:8)
  A sky beast (D:7)
  An orc warrior (D:6)
  2 ogres
  A centaur (D:7)
  2 bullfrogs
  A water moccasin zombie (D:5)
  A scorpion (D:7)
  3 crimson imps
  A centaur zombie (D:7)
  2 hounds
  An iguana (D:7)
  4 orc wizards
  3 worker ants
  A killer bee zombie (D:7)
  A worker ant zombie (D:6)
  4 adders
  8 oozes
  A worm (D:3)
  A dart slug (D:2)
  9 leopard geckos
  11 orcs
  10 giant cockroaches
  6 goblins
  9 hobgoblins
  4 jackals
  A quokka (D:3)
  3 ball pythons (Sewer)
  6 bats
  14 frilled lizards
  A jackal skeleton (D:4)
  7 kobolds
  A quokka skeleton (D:7)
  12 rats
134 creatures vanquished.

Vanquished Creatures (collateral kills)
  Prince Ribbit (D:5)
  The ghost of kevinv12000 the Changer, an amateur DgTm (D:3)
  Menkaure (D:5)
  4 orc warriors
  A sky beast (D:5)
  An ice beast (D:6)
  2 ogres
  2 centaurs (D:6)
  4 bullfrogs
  A wyvern zombie (D:7)
  A scorpion (D:6)
  2 howler monkeys (D:6)
  3 crimson imps
  A centaur zombie (D:8)
  A hound (D:8)
  2 jellies
  Crazy Yiuf (D:7)
  6 orc priests
  2 orc wizards (D:6)
  A bullfrog skeleton (D:4)
  A worker ant (D:5)
  A killer bee zombie (D:6)
  5 adders
  5 gnolls
  2 river rats (D:6)
  A shadow imp (D:5)
  6 oozes (Sewer)
  3 worms (D:6)
  4 leopard geckos
  23 orcs
  A ball python (D:3)
  4 giant cockroaches
  A hobgoblin (D:3)
  A jackal (D:4)
  A quokka (D:3)
  4 frilled lizards
  5 goblins
  10 kobolds
  A rat (D:6)
117 creatures vanquished.

Grand Total: 251 creatures vanquished

Notes
Turn   | Place    | Note
-------+----------+-------------------------------------------
     0 | D:1      | Menchi the Deep Elf Ice Elementalist began the quest for
                  | the Orb.
     0 | D:1      | Reached XP level 1. HP: 10/10 MP: 6/6
   390 | D:1      | Reached XP level 2. HP: 15/15 MP: 6/8
   817 | D:2      | Reached skill level 4 in Ice Magic
   968 | D:2      | Reached XP level 3. HP: 19/19 MP: 7/9
  1366 | D:2      | Reached XP level 4. HP: 11/24 MP: 7/11
  1530 | D:2      | Learned a level 4 spell: Summon Ice Beast
  1957 | D:3      | Found a burning altar of Makhleb.
  1957 | D:3      | Found a radiant altar of Vehumet.
  1961 | D:3      | Reached skill level 5 in Ice Magic
  1961 | D:3      | Reached XP level 5. HP: 18/28 MP: 10/13
  2051 | D:3      | Found a runed translucent gate.
  2051 | D:3      | Found a runed translucent gate.
  2051 | D:3      | Found a runed translucent gate.
  2053 | D:3      | Noticed kevinv12000's ghost (amateur DgTm)
  2068 | D:3      | Killed kevinv12000's ghost
  2068 | D:3      | Reached skill level 1 in Summonings
  2446 | D:3      | Reached XP level 6. HP: 31/32 MP: 6/15
  2747 | D:4      | Reached skill level 5 in Spellcasting
  2924 | D:4      | Reached skill level 1 in Short Blades
  3311 | D:4      | Reached skill level 6 in Ice Magic
  3311 | D:4      | Reached XP level 7. HP: 36/36 MP: 17/17
  3331 | D:5      | Entered Level 5 of the Dungeon
  3504 | D:5      | Noticed Menkaure
  3526 | D:5      | Killed Menkaure
  3526 | D:5      | Reached skill level 5 in Stealth
  4016 | D:5      | Noticed Prince Ribbit
  4024 | D:5      | Killed Prince Ribbit
  4446 | D:6      | Reached skill level 7 in Ice Magic
  4591 | D:6      | Reached XP level 8. HP: 30/41 MP: 19/19
  4724 | D:6      | Got a distressingly furry leather armour
  4735 | D:6      | Identified the +5 leather armour of Dishonour {+Fly rF-
                  | Str-4 Int+7} (You found it on level 6 of the Dungeon)
  4870 | D:6      | Found a glowing drain.
  5072 | Sewer    | Entered a sewer
  5080 | Sewer    | Learned a level 4 spell: Throw Icicle
  5406 | Sewer    | Learned a level 3 spell: Ozocubu's Armour
  5625 | D:6      | Reached skill level 8 in Ice Magic
  5644 | D:6      | Reached skill level 5 in Summonings
  5692 | D:6      | Found Piac's Antique Weapon Boutique.
  6269 | D:7      | Found a staircase to the Ecumenical Temple.
  6278 | Temple   | Entered the Ecumenical Temple
  6301 | Temple   | Became a worshipper of Dithmenos the Shadowed
  6483 | D:7      | Reached XP level 9. HP: 45/45 MP: 9/21
  6684 | D:7      | Found a runed translucent door.
  6685 | D:7      | Noticed Crazy Yiuf
  7016 | D:7      | Killed Crazy Yiuf
  7148 | D:8      | Found a flagged portal.
  7239 | Bailey   | Entered a bailey
  7256 | Bailey   | Reached * piety under Dithmenos
  7268 | Bailey   | Reached skill level 9 in Ice Magic
  7473 | Bailey   | Found a bloodstained altar of Trog.
  7483 | Bailey   | Got an ivory dagger
  7484 | Bailey   | Identified the +8 dagger of Winter {freeze, Str+7 Int+3
                  | SInv Stlth+} (You found it in a bailey)
  7486 | Bailey   | Got a crude chain mail
  7497 | Bailey   | Identified the +1 chain mail of a Labyrinth {*Slow rF+++
                  | Regen+ Int-4} (You found it in a bailey)
  7544 | Bailey   | Identified a scroll of acquirement
  7545 | Bailey   | Got a sparkling bronze ring
  7547 | Bailey   | Identified the ring "Mowothrish" {rPois Str+4 Slay+3
                  | Stlth+} (You acquired it in a bailey)
  7624 | D:8      | Noticed Harold
  7642 | D:8      | Slain by Harold

Skill      XL: |  1  2  3  4  5  6  7  8  9 |
---------------+----------------------------+-----
Ice Magic      | 4 5 6 7 8 9 |  9.5
Stealth        | 3 4 5 6 |  6.2
Spellcasting   | 4 5 6 7 8 |  8.1
Summonings     | 1 2 3 5 6 |  6.2
Short Blades   | 1 |  1.3
Dodging        | 3 |  3.0
Conjurations   | 2 3 |  3.4
Charms         | |  0.3

Action                   |  1- 3 |  4- 6 |  7- 9 || total
-------------------------+-------+-------+-------++-------
Melee: Unarmed           |     2 |       |       ||     2
       Dagger            |    27 |    20 |    55 ||   102
 Cast: Freeze            |    48 |    29 |    29 ||   106
       Summon Ice Beast  |       |    17 |    79 ||    96
       Throw Icicle      |       |       |    57 ||    57
       Ozocubu's Armour  |       |       |     6 ||     6
Evoke: Wand              |       |       |     1 ||     1
  Use: Scroll            |       |       |    11 ||    11
 Stab: Sleeping          |    11 |     9 |     9 ||    29
       Distracted        |     1 |       |       ||     1
  Eat: Chunk             |     1 |     9 |    19 ||    29
Armor: Robe              |     3 |     7 |     4 ||    14
       Leather armour    |       |       |    64 ||    64
Dodge: Dodged            |    34 |    25 |   112 ||   171
